 Dungeon Sprint DCSS version 0.31.0-11-ge490571c62 (webtiles) character file.

Game seed: 678237409764191709

185 Heoruswealwe the Spear-Bearer (level 5, 0/52 HPs)
             Began as a Minotaur Fighter on Feb 8, 2024.
             Slain by an iguana (10 damage)
             ... in the Dungeon (Sprint IX: "|||||||||||||||||||||||||||||").
             The game lasted 00:00:42 (47 turns).

Heoruswealwe the Spear-Bearer (Minotaur Fighter)      Turns: 47, Time: 00:00:43

Health: 0/52       AC:  8    Str: 22    XL:     5   Next: 37%
Magic:  4/4        EV:  9    Int:  5    God:
Gold:   0          SH:  4    Dex: 10    Spells: 4/4 levels left

rFire   . . .        a - +0 trident
rCold   . . .        d - +0 buckler
rNeg    . . .        c - +0 scale mail
rPois   .            (helmet restricted)
rElec   .            (no cloak)
rCorr   .            (no gloves)
SInv    .            (no boots)
Will    .....        (no amulet) Stlth
                     (no ring)
HPRegen 0.28/turn    (no ring)
MPRegen 0.09/turn

%: no teleportation
@: no status effects
A: horns 2, retaliatory headbutt
a: no special abilities


You were in the Dungeon.
You visited 1 branch

Inventory:

Hand Weapons
 a - a +0 trident (weapon)
Armour
 c - a +0 scale mail (worn)
 d - a +0 buckler (worn)
Scrolls
 j - a scroll of blinking
Potions
 b - a potion of might
 e - a potion of curing
 g - a potion of haste
 h - 2 potions of magic
 i - a potion of berserk rage


   Skills:
 + Level 7.6 Fighting
 * Level 9.7 Polearms
 + Level 7.5 Armour
 - Level 3.6 Shields


You had 4 spell levels left.
You didn't know any spells.
Your spell library was empty.

Dungeon Overview and Level Annotations

Branches:
Dungeon (1/1)

Altars:


Innate Abilities, Weirdness & Mutations

You have a pair of horns on your head.
You reflexively headbutt those who attack you in melee.


Message History

You hit the black bear.
You kill the black bear!
Your Fighting skill increases to level 7!
Your Polearms skill gained 2 levels and is now at level 9!
Your Armour skill increases to level 7!
You have reached level 5!
The orc attacks as it pursues you! The orc completely misses you.
You furiously retaliate!
You headbutt the orc!
You kill the orc!
There is an open door, spattered with blood here.
You puncture the iguana!
The iguana is heavily wounded.
You closely miss the iguana.
The iguana is heavily wounded.
The iguana bites you.
You hit the iguana but do no damage.
The iguana is heavily wounded.
The iguana barely misses you.
You barely miss the iguana.
The iguana is heavily wounded.
You block the iguana's attack.
You closely miss the iguana. Your headbutt misses the iguana.
The iguana is heavily wounded.
You block the iguana's attack.
You hit the iguana but do no damage.
The iguana is heavily wounded.
The iguana bites you!
* * * LOW HITPOINT WARNING * * *
You hit the iguana.
The iguana is heavily wounded.
The iguana bites you but does no damage.
You closely miss the iguana.
The iguana is heavily wounded.
You block the iguana's attack.
You barely miss the iguana.
The iguana is heavily wounded.
You hit the iguana but do no damage.
The iguana is heavily wounded.
The iguana bites you!
You die...

▓.▓
▓.▓
▓'▓
▓.▓
▓.▓
▓.▓
▓.▓
▓.▓
▓@▓
▓l▓
▓.▓
▓.▓
▓.▓
▓.▓
▓+▓


You could see an iguana.

Vanquished Creatures
  A black bear (D)
  A gnoll sergeant (D)
  A hound (D)
  An orc (D)
  2 endoplasms (D)
  A hobgoblin (D)
  A bat (D)
  A rat (D)
9 creatures vanquished.

Notes
Turn   | Place    | Note
-------+----------+-------------------------------------------
     0 | D        | Heoruswealwe the Minotaur Fighter began the quest for the
                  | Orb.
     0 | D        | Reached XP level 1. HP: 19/19 MP: 0/0
     6 | D        | Reached skill level 3 in Polearms
    16 | D        | Noticed a gnoll sergeant
    16 | D        | Noticed a hound
    16 | D        | Noticed an iguana
    16 | D        | Noticed a black bear
    23 | D        | HP: 1/20 [gnoll sergeant/+0 trident (6)]
    27 | D        | Killed a gnoll sergeant
    28 | D        | Reached skill level 5 in Fighting
    28 | D        | Reached skill level 7 in Polearms
    28 | D        | Reached skill level 5 in Armour
    28 | D        | Reached XP level 2. HP: 10/30 MP: 1/1
    28 | D        | Reached XP level 3. HP: 12/37 MP: 2/2
    30 | D        | Reached XP level 4. HP: 16/45 MP: 3/3
    34 | D        | Killed a black bear
    35 | D        | Reached skill level 9 in Polearms
    35 | D        | Reached XP level 5. HP: 15/52 MP: 4/4
    47 | D        | Slain by an iguana

Illustrated notes

Levels and vault maps discovered:
D:        linesprint [early_d, line_temple, items_1, d_10, items_2, lair_1,
          lair_end, items_3, orc_1, orc_end, items_4, d_15, swamp_1, shoals_1,
          snake_1, spider_1, d_20, vaults_1, items_5, swamp_end, shoals_end,
          snake_end, spider_end, vaults_end, d_27, items_6, zot_1, zot_end,
          crypt_end, forest_end, elf_end, slime_end, tomb_end, abyss_end,
          pan_hell_end]

Skill      XL: |  1  2  3  4 |
---------------+-------------+-----
Polearms       | 7 9 |  9.7
Fighting       | 5 6 7 |  7.6
Armour         | 5 6 7 |  7.5
Shields        | |  3.6

Action                     |  1- 3 |  4- 6 || total
---------------------------+-------+-------++-------
  Melee: Trident           |    17 |    14 ||    31
         Headbutt          |     3 |       ||     3
    Use: Potion            |     1 |       ||     1
 Armour: Scale mail        |    12 |    10 ||    22
  Dodge: Dodged            |     5 |     5 ||    10
  Block: Buckler           |     1 |     3 ||     4
